 Dungeon Crawl Stone Soup version 0.24-a0-335-g06ca16af6c (webtiles) character file.

Game seed: 13393839961419928878

154 GordonOverkill the Magician (level 5, -2/35 HPs)
             Began as a Mummy Fire Elementalist on May 18, 2019.
             Slain by an orc wizard
             ... wielding a +0 dagger
              (3 damage)
             ... on level 2 of the Dungeon.
             The game lasted 00:07:00 (3009 turns).

GordonOverkill the Magician (MuFE)                  Turns: 3009, Time: 00:07:01

Health: -2/35      AC:  2    Str: 11    XL:     5   Next: 13%
Magic:  10/10      EV: 12    Int: 16    God:
Gold:   94         SH:  0    Dex: 12    Spells: 5/11 levels left

rFire    x . .     SeeInvis .   a - +2 dagger (drain)
rCold    + . .     Gourm    .   (no shield)
rNeg     + + +     Faith    .   o - +0 robe
rPois    ∞         Spirit   .   (no helmet)
rElec    .         Reflect  .   (no cloak)
rCorr    .         Harm     .   (no gloves)
MR       .....                  (no boots)
Stlth    +.........             (no amulet)
HPRegen  0.11/turn              (no ring)
MPRegen  0.12/turn              (no ring)

@: confused
A: no food or potions, fire vulnerability, cold resistance 1, negative energy
resistance 3, torment resistance, unbreathing
a: no special abilities


You were on level 2 of the Dungeon.
You were not hungry.

You visited 1 branch of the dungeon, and saw 3 of its levels.

You collected 94 gold pieces.

Inventory:

Hand Weapons
 a - a +2 dagger of draining (weapon)
 b - a +3 dagger
 w - a +0 hunting sling
Missiles
 e - 155 stones
 m - 9 sling bullets
 n - 2 javelins (quivered)
Armour
 o - a +0 robe (worn)
Jewellery
 k - a cursed ring of teleportation {unknown}
Scrolls
 c - a scroll of blinking {unknown}
 d - a scroll of immolation {unknown}
 f - a scroll of magic mapping {unknown}
 g - 5 scrolls of identify {unknown}
 h - a scroll of enchant armour {unknown}
 i - a scroll of enchant weapon {unknown}
 j - 4 scrolls of teleportation {unknown}
 l - a scroll of fear {unknown}


   Skills:
 - Level 2.0 Dodging
 - Level 2.0 Stealth
 + Level 3.8 Spellcasting
 * Level 2.7 Conjurations
 + Level 3.0 Fire Magic


You had 5 spell levels left.
You knew the following spells:

 Your Spells              Type           Power        Failure   Level  Hunger
a - Flame Tongue          Conj/Fire      ##...        5%          1    N/A
b - Throw Flame           Conj/Fire      ##....       8%          2    N/A
c - Conjure Flame         Conj/Fire      ##......     16%         3    N/A

Your spell library contained the following spells:

 Spells                   Type           Power        Failure   Level  Hunger
 Inner Flame              Hex/Fire       #.......     28%         3    N/A
 Sticky Flame             Conj/Fire      ##......     45%         4    N/A
 Fireball                 Conj/Fire      ##........   82%         5    N/A

Dungeon Overview and Level Annotations

Branches:
Dungeon (3/15)

Altars:


Innate Abilities, Weirdness & Mutations

You do not eat or drink.
Your flesh is vulnerable to fire.
You are immune to poison.
Your flesh is cold resistant. (rC+)
You are immune to negative energy. (rN+++)
You are immune to unholy pain and torment.
You can survive without breathing.


Message History

Reactivating autopickup.
There is a stone staircase leading down here.
Deactivating autopickup; reactivate with Ctrl-A.
You completely miss something. Something hits you.
The orc wizard hits you with a +0 dagger.
The gnoll barely misses you.
You hit something.
You hear some strange, mumbled words.
You are confused.
The orc wizard casts a spell at you. The magic dart hits you.
The gnoll hits you.
You're too confused to move!
Something hits you. The orc wizard misses you. The gnoll closely misses you.
You bump into the rock wall.
Something hits you but does no damage. The orc wizard barely misses you.
The gnoll hits you!
* * * LOW HITPOINT WARNING * * *
You hit the gnoll but do no damage. Something hits you.
* * * LOW HITPOINT WARNING * * *
The orc wizard hits you with a +0 dagger.
You die...

..####.#.......#.#########.######
###..............#########......†
#................^.....########
#.......###..(................#
#.......# ##.....!......#####.#
####....# #......#####.# #..
#....# ##.....# #.####### ######
#og########........
##@[..#...#.%......
####.#...#........
#.#...#........ #.'.....#######
###...### #.).# #...# #...# #...#


You could see an orc wizard and a gnoll.

Vanquished Creatures
  An orc priest (D:2)
  5 adders
  An ooze (D:1)
  2 worms (D:2)
  4 dart slugs
  2 leopard geckos (D:1)
  An orc (D:2)
  6 bats
  A giant cockroach (D:1)
  8 goblins
  5 hobgoblins
  6 jackals (D:1)
  5 kobolds
  A quokka (D:2)
  3 frilled lizards
  6 rats
57 creatures vanquished.

Notes
Turn   | Place    | Note
-------+----------+-------------------------------------------
     0 | D:1      | GordonOverkill the Mummy Fire Elementalist began the quest
                  | for the Orb.
     0 | D:1      | Reached XP level 1. HP: 13/13 MP: 4/4
   173 | D:1      | Reached skill level 1 in Conjurations
   230 | D:1      | Reached XP level 2. HP: 19/19 MP: 3/5
   651 | D:1      | Reached XP level 3. HP: 24/24 MP: 4/7
   817 | D:1      | Learned a level 2 spell: Throw Flame
   821 | D:1      | Learned a level 3 spell: Conjure Flame
  1494 | D:2      | Reached XP level 4. HP: 30/30 MP: 8/8
  2608 | D:2      | Reached XP level 5. HP: 35/35 MP: 4/10
  3009 | D:2      | HP: 1/35 [something (2)]
  3009 | D:2      | Slain by an orc wizard

Levels and vault maps discovered:
D:1:      minmay_arrival_open_corners, layout_rooms, minmay_pentomino_w4
D:2:      layout_basic, guppyfry_early_lair_pool
D:3:      layout_rooms, serial_forest, infiniplex_forest_zigzag_1,
          infiniplex_forest_lined_corner, infiniplex_forest_clump_medium,
          infiniplex_forest_straight_4, infiniplex_forest_clump_small,
          infiniplex_forest_lined_2, infiniplex_forest_clump_medium,
          infiniplex_forest_pool, nemelex_spade_bored_becter, uniq_jessica,
          uniq_robin, uniq_crazy_yiuf_cottage

Skill      XL: |  1  2  3  4 |
---------------+-------------+-----
Conjurations   | 1 2 |  2.7
Spellcasting   | 3 |  3.8
Stealth        | 2 |  2.0
Dodging        | 2 |  2.0
Fire Magic     | 3 |  3.0

Action                   |  1- 3 |  4- 6 || total
-------------------------+-------+-------++-------
Melee: Dagger            |       |    19 ||    19
Throw: Stone             |    14 |     2 ||    16
       Javelin           |     4 |     9 ||    13
 Cast: Flame Tongue      |    66 |    28 ||    94
       Throw Flame       |       |    15 ||    15
Armor: Robe              |     2 |     6 ||     8
Dodge: Dodged            |    22 |    25 ||    47

Table legend:
 A = Non-vault XP
 B = Vault XP
 C = Vault XP percentage of total XP
 D = Non-vault monster count
 E = Vault monster count
 F = Vault count percentage of total count
                 A         B        C        D         E       F
            +---------+---------+-------+---------+---------+-------
      Total |     208 |      13 |   5.9 |      50 |       7 |  12.3
            +---------+---------+-------+---------+---------+-------
        D:1 |      49 |      13 |  21.0 |      16 |       7 |  30.4
        D:2 |     159 |       0 |   0.0 |      34 |       0 |   0.0
            +---------+---------+-------+---------+---------+-------
